 Dungeon Crawl Stone Soup version 0.22-a0-3-g4fa69d9 (webtiles) character file.

132 theanonym the Sneak (level 4, 0/22 HPs)
             Began as a Spriggan Assassin on Jan 1, 2018.
             Slain by Grinder (3 damage)
             ... while paralysed by Grinder
             ... on level 3 of the Dungeon.
             The game lasted 00:04:44 (2782 turns).

theanonym the Sneak (Spriggan Assassin)             Turns: 2782, Time: 00:04:45

Health: 0/22       AC:  4    Str:  8    XL:     4   Next: 92%
Magic:  5/5        EV:  4    Int: 12    God:
Gold:   137        SH:  0    Dex: 17    Spells: 3/3 levels left

rFire    . . .     SeeInvis +   b - +0 blowgun
rCold    . . .     Gourm    .   (shield restricted)
rNeg     . . .     Faith    .   c - +0 robe {0}
rPois    .         Spirit   .   (helmet restricted)
rElec    .         Reflect  .   d - +1 cloak
rCorr    .         Harm     .   (gloves unavailable)
MR       .....                  (boots unavailable)
Stlth    +++.......             (no amulet)
HPRegen  0.07/turn              (no ring)
MPRegen  0.09/turn              (no ring)

@: paralysed, very quick
A: very small, unfitting armour, see invisible, herbivore, speed 3, slow
metabolism 2
a: no special abilities


Innate Abilities, Weirdness & Mutations

You are very small and have problems with some larger weapons.
You are too small for most types of armour.
You have supernaturally acute eyesight. (SInv)
You are a herbivore.
You cover ground extremely quickly.
You need consume almost no food.


   Skills:
 - Level 1.5 Fighting
 * Level 4.8 Short Blades
 - Level 2.0 Throwing
 + Level 4.1 Dodging
 - Level 5.8 Stealth


You had 3 spell levels left.
You didn't know any spells.

Skill      XL: |  1  2  3  4 |
---------------+-------------+-----
Dodging        | 2 3 4 |  4.1
Short Blades   | 3 4 |  4.8
Fighting       | |  1.5
Throwing       | |  2.0
Stealth        | |  5.8

Action                   |  1- 3 |  4- 6 || total
-------------------------+-------+-------++-------
Melee: Dagger            |   136 |    62 ||   198
 Fire: Blowgun           |     3 |    14 ||    17
  Use: Scroll            |       |     1 ||     1
 Stab: Sleeping          |     7 |     1 ||     8
       Distracted        |     1 |       ||     1
Armor: Robe              |    22 |     3 ||    25
Dodge: Dodged            |    75 |    38 ||   113

Inventory:

Hand Weapons
 a - a +2 dagger
 b - a +0 blowgun (weapon)
 h - a +0 dagger of protection
   (You took it off a kobold on level 1 of the Dungeon)
Missiles
 g - 5 poisoned needles (quivered)
Armour
 c - a +0 robe (worn) {0}
 d - a +1 cloak (worn)
 n - a +0 leather armour {4}
   (You found it on level 2 of the Dungeon)
Scrolls
 i - a scroll of enchant weapon {unknown}
 j - 2 scrolls of teleportation {unknown}
 k - a scroll of amnesia {unknown}
 o - a scroll of enchant armour
 q - a scroll of identify {unknown}
 s - a scroll of fear {unknown}
 t - a scroll of blinking {unknown}
Potions
 f - a potion of brilliance {unknown}
 l - 3 potions of agility {unknown}
 m - 2 potions of curing {unknown}
 r - 2 potions of haste {unknown}
Comestibles
 e - 8 rations


You were on level 3 of the Dungeon.
You were not hungry.

You visited 1 branch of the dungeon, and saw 3 of its levels.

You collected 137 gold pieces.

Dungeon Overview and Level Annotations

Branches:
Dungeon (3/15)

Altars:
Cheibriados
Trog

Annotations:
D:3 Grinder; KarmaPolice's ghost, amateur HaAs

###.#.#+###....[....#
....................#
####................#
#................# #
##.........###...# .#
#.#.#########...#..#
#...# #(........##
##..# #.5..=.......
.... #..@.....####
#.>.# #.........#
#..# #....$...## ...
..........#
....##+###### .....
.... ....


You could see Grinder.

Notes
Turn   | Place    | Note
-------+----------+-------------------------------------------
     0 | D:1      | theanonym the Spriggan Assassin began the quest for the Orb.
     0 | D:1      | Reached XP level 1. HP: 10/10 MP: 2/2
    66 | D:1      | Reached skill level 2 in Dodging
   225 | D:1      | Reached XP level 2. HP: 14/14 MP: 3/3
   229 | D:1      | theanonym: !stats spas
   294 | D:1      | Reached skill level 3 in Short Blades
   679 | D:1      | Reached XP level 3. HP: 18/18 MP: 4/4
   996 | D:2      | Reached skill level 3 in Dodging
  1069 | D:2      | beem: Starting stats for SpAs: Str 7 Int 12 Dex 17. Stat gain: id/5
  1189 | D:2      | Reached skill level 4 in Short Blades
  1191 | D:2      | HP: 9/18 [poisoned by an adder]
  1197 | D:2      | HP: 8/18 [poisoned by an adder]
  1203 | D:2      | HP: 6/18 [poisoned by an adder]
  1210 | D:2      | HP: 4/18 [poisoned by an adder]
  1627 | D:2      | Reached XP level 4. HP: 22/22 MP: 5/5
  2030 | D:2      | HP: 9/22 [adder (5)]
  2035 | D:2      | HP: 8/22 [poisoned by an adder]
  2040 | D:2      | HP: 6/22 [poisoned by an adder]
  2048 | D:2      | HP: 4/22 [poisoned by an adder]
  2056 | D:2      | HP: 3/22 [poisoned by an adder]
  2436 | D:3      | Reached skill level 4 in Dodging
  2666 | D:3      | Found a bloodstained altar of Trog.
  2673 | D:3      | Found a snail-covered altar of Cheibriados.
  2687 | D:3      | Noticed KarmaPolice's ghost (amateur HaAs)
  2760 | D:3      | Noticed Grinder
  2776 | D:3      | HP: 10/22 [Grinder (8)]
  2780 | D:3      | Paralysed by Grinder for 4 turns
  2782 | D:3      | HP: 3/22 [Grinder (5)]
  2782 | D:3      | Slain by Grinder

Vanquished Creatures
  A worker ant (D:2)
  5 adders
  2 oozes
  A dart slug (D:1)
  3 leopard geckos (D:2)
  3 bats (D:1)
  3 giant cockroaches
  8 goblins
  3 hobgoblins
  6 jackals
  7 kobolds
  A quokka (D:3)
  3 frilled lizards
  5 rats
51 creatures vanquished.

Table legend:
 A = Turns spent in this place as a percentage of turns spent in the entire game.
 B = Non-inter-level travel turns spent in this place as a percentage of non-inter-level travel turns spent in the entire game.
 C = Inter-level travel turns spent in this place as a percentage of turns spent in this place.
 D = Turns resting spent in this place as a percentage of non-inter-level travel turns spent in this place.
 E = Turns spent auto-exploring this place as a percentage of non-inter-level travel turns spent in this place.
 F = Non-inter-level travel turns spent in this place divided by the number of levels of this place that you've seen.
                   A       B       C       D       E      F
               +-------+-------+-------+-------+-------+----------------------
         Total | 100.0 | 100.0 |   2.0 |  37.5 |  42.8 | 908.3
       Dungeon | 100.0 | 100.0 |   2.0 |  37.5 |  42.8 | 908.3
               +-------+-------+-------+-------+-------+----------------------
